 Dungeon Crawl Stone Soup version 0.19-a0-996-g3cba913 (webtiles) character file.

63 Deemzul the Shield-Bearer (level 3, -2/29 HPs)
             Began as a Demonspawn Fighter on July 17, 2016.
             Slain by a goblin
             ... wielding a +0 club
             ... led by Robin
              (4 damage)
             ... on level 2 of the Dungeon.
             The game lasted 00:00:55 (890 turns).

Deemzul the Shield-Bearer (Demonspawn Fighter)       Turns: 890, Time: 00:00:56

Health: -2/29      AC:  6    Str: 16    XL:     3   Next: 89%
Magic:  3/3        EV:  6    Int:  9    God:
Gold:   89         SH:  9    Dex: 13    Spells: 0 memorised, 2 levels left

rFire  . . .     SeeInvis .     a - +0 long sword
rCold  . . .     Gourm    .     b - +0 scale mail
rNeg   . . .     Faith    .     c - +0 shield
rPois  .         Spirit   .     (no helmet)
rElec  .         Dismiss  .     (no cloak)
rCorr  +         Reflect  .     (no gloves)
SustAt .         Harm     .     (no boots)
MR     .....                    (no amulet)
Stlth  ..........               (no ring)
                                m - ring of resist corrosion

@: not resistant to hostile enchantments, extremely unstealthy
A: claws 1
a: no special abilities


You were on level 2 of the Dungeon.
You were not hungry.

You visited 1 branch of the dungeon, and saw 2 of its levels.

You collected 89 gold pieces.

Inventory:

Hand Weapons
 a - a +0 long sword (weapon)
Armour
 b - a +0 scale mail (worn)
 c - a +0 shield (worn)
Jewellery
 m - a ring of resist corrosion (left claw)
Wands
 r - a wand of teleportation (5/9)
Scrolls
 e - 2 scrolls of remove curse {unknown}
 g - a scroll of identify {unknown}
 h - a scroll of recharging {unknown}
 i - a scroll of amnesia {unknown}
 k - a scroll of noise {unknown}
 l - a scroll of immolation {unknown}
 p - a scroll of fear {unknown}
Potions
 d - 2 potions of might
 j - a potion of haste {unknown}
 n - a potion of flight {unknown}
 o - 2 potions of degeneration {unknown}
 q - 2 potions of curing {unknown}
Comestibles
 f - 3 bread rations


   Skills:
 + Level 3.2 Fighting
 * Level 2.8 Long Blades
 + Level 3.0 Armour
 + Level 3.3 Shields


You had 2 spell levels left.
You didn't know any spells.

Dungeon Overview and Level Annotations

Branches:
Dungeon (2/15)

Altars:

Annotations:
D:2 1 runed door, Robin


Innate Abilities, Weirdness & Mutations

You have sharp fingernails.


Message History

Robin throws the goblin at you!
The hobgoblin hits you but does no damage.
You block the goblin's attack.
You miss the goblin. You block the hobgoblin's attack.
The goblin hits you with a club.
* * * LOW HITPOINT WARNING * * *
You closely miss the goblin. The hobgoblin hits you with a club.
* * * LOW HITPOINT WARNING * * *
You block the goblin's attack. The hobgoblin hits you with a club.
* * * LOW HITPOINT WARNING * * *
Unknown command.
You closely miss the hobgoblin.
The hobgoblin is heavily wounded.
The goblin hits you but does no damage. The hobgoblin closely misses you.
Unknown command.
You barely miss the hobgoblin.
The hobgoblin is heavily wounded.
The goblin no longer looks unusually strong.
The goblin hits you with a club.
You die...

#############
#...........#
#.#########.#
#.#
#.###########
#.#
#...g@ggggg>.
#.#
#############
#.# #.# #.#
#.# #.# #.#
### ##.# #..


You could see Robin, a hobgoblin and 4 goblins.

Vanquished Creatures
  Jessica (D:2)
  A worm (D:2)
  A dart slug (D:1)
  2 bats
  3 giant cockroaches
  8 goblins
  4 hobgoblins
  2 jackals (D:1)
  A kobold (D:1)
  3 giant newts
  4 rats
30 creatures vanquished.

Notes
Turn   | Place    | Note
-------+----------+-------------------------------------------
     0 | D:1      | Deemzul the Demonspawn Fighter began the quest for the Orb.
     0 | D:1      | Reached XP level 1. HP: 18/18 MP: 1/1
     1 | D:1      | Noticed an electric eel
    85 | D:1      | Gained mutation: You have sharp fingernails. [demonic ancestry]
    85 | D:1      | Reached XP level 2. HP: 20/24 MP: 2/2
   540 | D:2      | Reached XP level 3. HP: 17/29 MP: 3/3
   647 | D:2      | Found a runed door.
   814 | D:2      | Noticed Jessica
   834 | D:2      | Killed Jessica
   881 | D:2      | Noticed Robin
   890 | D:2      | Slain by a goblin

Vault maps used:
D:1:      arrival_aquarium_a
D:2:      first_bread, st_stairs_7, uniq_jessica, uniq_robin,
          uniq_crazy_yiuf_cottage

Skill      XL: |  1  2  3 |
---------------+----------+-----
Long Blades    | 2 |  2.8
Shields        | 3 |  3.3
Armour         | 3 |  3.0
Fighting       | |  3.2

Action                   || total
-------------------------++-------
Melee: Long sword        ||   134
Armor: Scale mail        ||    44
Dodge: Dodged            ||    27
Block: Shield            ||    46
